 Dungeon Crawl Stone Soup version 0.19-a0-1050-g8e71ee3 (webtiles) character file.

24 Kaname the Slasher (level 2, 0/17 HPs)
             Began as a High Elf Wanderer on Aug 1, 2016.
             Slain by an adder (5 damage)
             ... on level 1 of the Dungeon.
             The game lasted 00:03:22 (1344 turns).

Kaname the Slasher (High Elf Wanderer)              Turns: 1344, Time: 00:03:23

Health: 0/17       AC:  3    Str: 10    XL:     2   Next: 79%
Magic:  6/6        EV: 11    Int: 19    God:
Gold:   91         SH:  0    Dex: 11    Spells: 0 memorised, 6 levels left

rFire  . . .     SeeInvis .     c - +0 falchion
rCold  . . .     Gourm    .     d - +0 robe
rNeg   . . .     Faith    .     (no shield)
rPois  .         Spirit   .     j - +0 helmet
rElec  .         Dismiss  .     (no cloak)
rCorr  .         Reflect  .     (no gloves)
SustAt .         Harm     .     (no boots)
MR     .....                    (no amulet)
Stlth  +.........               (no ring)
                                (no ring)

@: not resistant to hostile enchantments, very unstealthy
A: no striking features
a: no special abilities


You were on level 1 of the Dungeon.
You were not hungry.

You visited 1 branch of the dungeon, and saw 1 of its levels.

You collected 91 gold pieces.

Inventory:

Hand Weapons
 c - a +0 falchion (weapon)
Armour
 d - a +0 robe (worn)
 j - a +0 helmet (worn)
Scrolls
 e - a scroll of immolation {unknown}
 i - 3 scrolls of identify {unknown}
Potions
 b - a potion of curing
 h - a potion of degeneration {unknown}
 k - 2 potions of cure mutation {unknown}
Books
 a - a book of Conjurations

   Spells                             Type                      Level
   a - Magic Dart                     Conjuration                  1
   b - Searing Ray                    Conjuration                  2
   c - Dazzling Spray                 Conjuration/Hexes            3
   d - Fulminant Prism                Conjuration/Hexes            4
   e - Iskenderun's Mystic Blast      Conjuration                  4
   f - Iskenderun's Battlesphere      Conjuration/Charms           5
Comestibles
 f - 3 bread rations
 g - a meat ration
 l - 2 chunks of flesh


   Skills:
 * Level 4.6 Long Blades
 - Level 1.1 Stealth
 + Level 2.8 Spellcasting
   Level 2.1 Conjurations
   Level 1.0 Ice Magic
   Level 1.0 Evocations


You had 6 spell levels left.
You didn't know any spells.

Dungeon Overview and Level Annotations

Branches:
Dungeon (1/15)

Altars:


Message History

You completely miss the adder.
The adder closely misses you. x2; You riposte.
You barely miss the adder. You barely miss the adder.
The adder barely misses you.
You hit the adder.
The adder is moderately wounded.
The adder bites you.
You closely miss the adder.
The adder is moderately wounded.
The adder barely misses you.
You riposte.
You barely miss the adder.
The adder is moderately wounded.
The adder bites you.
* * * LOW HITPOINT WARNING * * *
You are too injured to fight recklessly!
You barely miss the adder.
The adder is moderately wounded.
The adder misses you.
You closely miss the adder.
The adder is moderately wounded.
The adder barely misses you. The adder bites you.
You die...

#.##.##.#####.##..#### #....#
#.......# #.....# #.##.###
######.## ###..)# #.##†... #.#
#...# #.###### ######.###
#...########.# # ##.......#
#.........##.#### #
##.###.#.######...#####.......# #
##.###.#................###.#.###
##.##...........@.......# #.#....
##..............S..)....###......
.......#..#####...#####....##..#.
##........# #..)......#..##..#.
###.##.##.# #...#######..##..#.
#.##.##.# #...# #........
###.......# ###...#######>.....#.
..####.######÷...................
#.# #...).>........##.#.#.#.###.


You could see an adder.

Vanquished Creatures
  2 bats (D:1)
  4 giant cockroaches (D:1)
  6 goblins (D:1)
  A hobgoblin (D:1)
  4 giant newts (D:1)
  3 kobolds (D:1)
  3 rats (D:1)
23 creatures vanquished.

Notes
Turn   | Place    | Note
-------+----------+-------------------------------------------
     0 | D:1      | Kaname the High Elf Wanderer began the quest for the Orb.
     0 | D:1      | Kaname set off with: a book of Conjurations, a potion of curing, a +0 falchion, a +0 robe, a bread ration
     0 | D:1      | Reached XP level 1. HP: 11/11 MP: 4/4
   239 | D:1      | Reached skill level 4 in Long Blades
   454 | D:1      | Reached XP level 2. HP: 17/17 MP: 6/6
  1344 | D:1      | Slain by an adder

Vault maps used:
D:1:      lightli_arrival_statue_moat, minmay_split_cup_small

Skill      XL: |  1 |
---------------+----+-----
Long Blades    | 4 |  4.6
Stealth        | |  1.1
Spellcasting   | |  2.8
Conjurations   | |  2.1
Ice Magic      | |  1.0
Evocations     | |  1.0

Action                   || total
-------------------------++-------
Melee: Falchion          ||    98
 Stab: Sleeping          ||     1
  Eat: Chunk             ||     1
Armor: Robe              ||    17
Dodge: Dodged            ||    41
